 Dungeon Crawl Stone Soup version 0.30-a0-830-gfe289a77b0 (webtiles) character file.

Game seed: 6857256713084457417

37 Esekla the Sneak (level 3, 20/26 HPs)
             Began as an Octopode Delver on Mar 1, 2023.
             Quit the game on level 5 of the Dungeon.
             The game lasted 00:01:29 (112 turns).

Esekla the Sneak (Octopode Delver)                   Turns: 112, Time: 00:01:30

Health: 20/26      AC:  1    Str: 11    XL:     3   Next: 41%
Magic:  4/4        EV: 13    Int: 14    God:
Gold:   26         SH:  0    Dex: 13    Spells: 3/3 levels left

rFire   . . .      SeeInvis .    a - +0 falchion
rCold   . . .      Faith    .    (no shield)
rNeg    . . .      Spirit   .    (helmet restricted)
rPois   .          Reflect  .    (no amulet)
rElec   .          Harm     .    (no ring)
rCorr   .          Rampage  .    (no ring)
Will    .....                    (no ring)
Stlth   ++++                     (no ring)
HPRegen 0.24/turn                (no ring)
MPRegen 0.09/turn                (no ring)
                                 (no ring)
                                 (no ring)

@: no status effects
A: almost no armour, amphibious, 8 rings, camouflage 1, gelatinous body 1,
(nimble swimmer 1), tentacles
a: no special abilities


You were on level 5 of the Dungeon.
You visited 1 branch of the dungeon, and saw 1 of its levels.

You collected 26 gold pieces.

Inventory:

Hand Weapons
 a - a +0 falchion (weapon)
Wands
 f - a wand of digging (3)
Scrolls
 b - a scroll of fog
Potions
 e - 2 potions of haste


   Skills:
 * Level 3.2 Fighting
 * Level 2.2 Long Blades
 * Level 2.2 Dodging
 + Level 7.2 Stealth
 * Level 0.8 Spellcasting


You had 3 spell levels left.
You didn't know any spells.
Your spell library contained the following spells:

 Spells                   Type           Power      Damage    Failure   Level
 Static Discharge         Conj/Air       0%         2-2/arc   38%         2
 Vhi's Electric Charge    Tloc/Air       0%         N/A       63%         3
 Arcjolt                  Conj/Air       0%         1d10      100%        5
 Lightning Bolt           Conj/Air       0%         1d11      100%        5


Dungeon Overview and Level Annotations

Branches:
Dungeon (5/15)
 Temple: D:4-7

Altars:
Hepliaklqana
Uskayaw


Innate Abilities, Weirdness & Mutations

You cannot wear most types of armour.
You are amphibious.
You can wear up to eight rings at the same time.
Your skin changes colour to match your surroundings (Stealth+).
Your rubbery body absorbs attacks. (AC +1, EV +1)
((You are camouflaged when in or above water. (Stealth+)))
You have tentacles for arms and can constrict up to eight enemies at once.


Message History

You slash the orc priest!
You kill the orc priest!
The ogre closely misses you.
Your Stealth skill increases to level 7!
You have reached level 3!
Your experience leads to an increase in your attributes!
Increase (S)trength, (I)ntelligence, or (D)exterity?
You feel clever. x2
As you read the scroll of fear, it crumbles to dust.
You assume a fearsome visage.
The orc looks frightened! x2
The ogre looks frightened!
The ogre cries, "Mercy!"
The ogre yells at you, "GO AWAY!"
Found 16 gold pieces and a potion of haste.
Found a sedimented blue potion.
Found a short sword.
Found a hide-covered altar of Uskayaw.
Found a dented zirconium amulet.
An iguana comes into view.
Found a cloak.
You see here a potion of haste.
e - 2 potions of haste (gained 1)
Found 4 stones.
You see here 16 gold pieces.
You now have 26 gold pieces (gained 16).
You see here 4 stones.
You start resting.
An ogre is nearby!
You open the door.
There is an open door here.
You close the door.
An ogre opens the door.
You hear a distant slurping noise.
A necrophage comes into view.
Found a cyan potion and a scroll labelled TOWERR GAISK.
Found a stone staircase leading up.
An iguana comes into view.
A centaur comes into view.
Found a stone staircase leading up.
Found a hazy altar of Hepliaklqana.
Are you sure you want to abandon this character and quit the game? (Confirm with "yes".)

*,#.....#,,,* *.# #,*
*,#.#.###,*,***+#*** *,*
*,#,#O#,,,*,*,,,,,,***,*
*,#.#.#<,,*,*,,,,,,,,,,*
*,#.#.#####.#,,,,,,,,,,*
*,#.........#**+**,,,,,*
##+###.#########,**,,,,,*
#......#.......#,**,,,,,*
#....#...#@.##.#,******,*
#........#..#*,*,* *,*
#....#.#.#....,*,* *,*
**#...<#.#.#...##*,******,*
*.....,#.#l#.#..,,,,,,,,,,*
*c...#,#.#.#...##*,********
*,...*,..#.#._..,,,*
*,,,,**##*.#.....***
*,,,,*****,*,*,,**


There were no monsters in sight!

Vanquished Creatures
  An orc priest (D:5)
  An adder (D:5)
2 creatures vanquished.

Notes
Turn   | Place    | Note
-------+----------+-------------------------------------------
     0 | D:5      | Esekla the Octopode Delver began the quest for the Orb.
     0 | D:5      | Reached XP level 1. HP: 16/16 MP: 1/1
    28 | D:5      | Noticed an orc priest
    31 | D:5      | Noticed an ogre
    41 | D:5      | Reached XP level 2. HP: 10/21 MP: 2/2
    45 | D:5      | Reached skill level 7 in Stealth
    45 | D:5      | Reached XP level 3. HP: 4/26 MP: 2/4
    53 | D:5      | Found a hide-covered altar of Uskayaw.
    88 | D:5      | Noticed a necrophage
   106 | D:5      | Noticed a centaur
   110 | D:5      | Found a hazy altar of Hepliaklqana.
   112 | D:5      | Quit the game

Illustrated notes

Levels and vault maps discovered:
D:5:      layout_basic, eat_drink_and_be_merry_uskayaw,
          mainiacjoe_overflow_tiny_flanked

Skill      XL: |  1  2 |
---------------+-------+-----
Stealth        | 7 |  7.2
Fighting       | |  3.2
Long Blades    | |  2.2
Dodging        | |  2.2
Spellcasting   | |  0.8

Action                     || total
---------------------------++-------
  Melee: Falchion          ||    10
         Tentacles         ||     2
         Constrict         ||     2
    Use: Scroll            ||     2
 Armour: Skin              ||     1
  Dodge: Dodged            ||     6

Table legend: (Time is in decaauts)
 A = Elapsed time spent in this place.
 B = Non-inter-level travel time spent in this place.
 C = Inter-level travel time spent in this place.
 D = Time resting spent in this place.
 E = Time spent auto-exploring this place.
 F = Levels seen in this place.
 G = Mean time per level.
                   A        B        C        D        E       F      G
               +--------+--------+--------+--------+--------+-----+--------+
         Total |    114 |    114 |      0 |      6 |      0 |   1 |  114.0 |
       Dungeon |    114 |    114 |      0 |      6 |      0 |   1 |  114.0 |
               +--------+--------+--------+--------+--------+-----+--------+

Top non-repeatable levels by time:
     D:5: 114 daAuts
